 Dungeon Crawl Stone Soup version 0.32-a0-938-g40ac7a0f4d (webtiles) character file.

Game seed: 9883015179170786057

63 uglyjohn the Conjurer (level 3, 0/26 HPs)
             Began as a Draconian Conjurer on Apr 15, 2024.
             Slain by Grinder (6 damage)
             ... on level 3 of the Dungeon.
             The game lasted 00:02:52 (1826 turns).

uglyjohn the Conjurer (Draconian Conjurer)          Turns: 1826, Time: 00:02:53

Health: 0/26       AC:  5    Str: 11    XL:     3   Next: 89%
Magic:  0/6        EV: 11    Int: 18    God:
Gold:   85         SH:  0    Dex:  9    Spells: 3/6 levels left

rFire   . . .        d - +0 dagger
rCold   . . .        (no shield)
rNeg    . . .        (body armour unavailable)
rPois   .            (helmet restricted)
rElec   .            (no cloak)
rCorr   .            (no gloves)
SInv    .            (no boots)
Will    .....        (no amulet)
Stlth   ++           (no ring)
HPRegen 0.24/turn    (no ring)
MPRegen 0.10/turn

%: no passive effects
@: no status effects
A: AC +5, unfitting armour, cold-blooded
a: no special abilities


You were on level 3 of the Dungeon.
You visited 1 branch of the dungeon, and saw 3 of its levels.

You collected 85 gold pieces.

Inventory:

Hand Weapons
 d - a +0 dagger (weapon)
Jewellery
 c - an amulet of guardian spirit
Scrolls
 b - 2 scrolls of amnesia {unknown}
 e - a scroll of poison {unknown}
 g - a scroll of immolation {unknown}
 j - a scroll of summoning {unknown}
 k - a scroll of fear {unknown}
Potions
 a - 2 potions of magic
 f - a potion of might {unknown}
 h - a potion of haste {unknown}
 i - a potion of enlightenment {unknown}


   Skills:
 - Level 1.7 Dodging
 - Level 1.7 Stealth
 + Level 2.0 Unarmed Combat
 - Level 2.0 Spellcasting
 + Level 4.5 Conjurations
 + Level 1.6 Shapeshifting


You had 3 spell levels left.
You knew the following spells:

 Your Spells              Type           Power      Damage    Failure   Level
a - Magic Dart            Conj           72%        1d6       2%          1
b - Searing Ray           Conj           36%        2d5       4%          2

Your spell library contained the following spells:

 Spells                   Type           Power      Damage    Failure   Level
 Sigil of Binding         Hex            1%         N/A       47%         3
 Fulminant Prism          Conj/Alch      5%         3d7       56%         4
 Iskenderun's Mystic Bla Conj/Tloc 10%            2d4        (+2d2     56%         4
 Death Channel            Necr           0%         N/A       100%        6
 Sculpt Simulacrum        Ice/Alch       0%         N/A       100%        6


Dungeon Overview and Level Annotations

Branches:
Dungeon (3/15)

Altars:
Okawaru

Annotations:
D:3 1 runed translucent door, Grinder


Innate Abilities, Weirdness & Mutations

Your plain brown scales are hard. (AC +5)
You cannot fit into any form of body armour.
You are cold-blooded and may be slowed by cold attacks.


Message History

Grinder is lightly wounded. (Press . to maintain the ray.)
The searing ray hits Grinder.
Grinder is moderately wounded.
The searing ray hits Grinder.
Grinder is moderately wounded.
Grinder says, "Wait up."
Grinder hits you.
You writhe in agony.
There is a stone staircase leading up here.
You hit Grinder but do no damage.
Grinder is moderately wounded.
Grinder hits you.
You hit Grinder but do no damage.
Grinder is moderately wounded.
Grinder gestures at you.
You suddenly lose the ability to move!
Grinder hits you.
You writhe in agony.
* * * LOW HITPOINT WARNING * * *
Grinder hits you but does no damage. x2
You can move again.
Unknown command.
You closely miss Grinder.
Grinder is moderately wounded.
Grinder hits you.
* * * LOW HITPOINT WARNING * * *
You are too injured to fight recklessly!
Casting: Searing Ray (safe; 4% risk of failure)
Confirm with . or Enter, or press ? or * to list all spells.
Aiming: Magic Dart (safe; 2% risk of failure)
Press: ? - help, Shift-Dir - straight line, f/p - Grinder
Aim: Grinder (moderately wounded, 100% to hit)
The magic dart hits Grinder but does no damage.
Grinder is moderately wounded.
Grinder barely misses you.
Unknown command.
You hit Grinder.
Grinder is moderately wounded.
Grinder hits you.
You die...
Grinder says, "Now the real fun starts!"

...##ß...ß §.#
#...# #.# #...#
#.# #...##########
#.###.........##.#
#.....#.#...)....#
#####.#.#......###
#...#..5...#
#####...@..#######
######.###.......#
#.).##.....#####.#
#.#.##..##.# #.#
#.#.....##.#####.#
#.......##.......#
##################


You could see Grinder.

Vanquished Creatures
  Jessica (D:2)
  An adder (D:2)
  3 ball pythons (D:1)
  5 endoplasms
  A giant cockroach (D:1)
  5 goblins
  2 hobgoblins
  A bat (D:1)
  A frilled lizard (D:1)
  4 kobolds
  2 rats (D:2)
  A spectral goblin (D:2)
27 creatures vanquished.

Notes
Turn   | Place    | Note
-------+----------+-------------------------------------------
     0 | D:1      | uglyjohn the Draconian Conjurer began the quest for the
                  | Orb.
     0 | D:1      | Reached XP level 1. HP: 14/14 MP: 3/3
   277 | D:1      | Reached XP level 2. HP: 20/20 MP: 0/5
   409 | D:1      | Learned a level 2 spell: Searing Ray
   416 | D:1      | Reached skill level 1 in Unarmed Combat
   978 | D:2      | Reached skill level 1 in Shapeshifting
  1081 | D:2      | Noticed Jessica
  1097 | D:2      | Killed Jessica
  1098 | D:2      | Reached XP level 3. HP: 15/26 MP: 1/6
  1381 | D:2      | Found a faded altar of an unknown god.
  1731 | D:3      | Found an iron altar of Okawaru.
  1733 | D:3      | Found a runed translucent door.
  1740 | D:3      | Noticed Grinder
  1744 | D:3      | Paralysed by Grinder for 3 turns
  1820 | D:3      | Paralysed by Grinder for 4 turns
  1826 | D:3      | Slain by Grinder

Illustrated notes

Levels and vault maps discovered:
D:1:      dpeg_arrival_court, layout_basic
D:2:      layout_rooms, dreamdust_ecumenical_altar_drowned_temple, uniq_jessica
D:3:      layout_basic, nicolae_qazlal_scattered_showers,
          nicolae_overflow_guarded_unrand_okawaru_victory, serial_shops,
          nicolae_shop_hallway_plus, uniq_terence, uniq_grinder

Skill      XL: |  1  2  3 |
---------------+----------+-----
Unarmed Combat | 1 2 |  2.0
Shapeshifting  | 1 |  1.6
Dodging        | |  1.7
Stealth        | |  1.7
Spellcasting   | |  2.0
Conjurations   | |  4.5

Action                     || total
---------------------------++-------
  Melee: Unarmed           ||     6
         Dagger            ||    34
         Tailslap          ||     3
   Cast: Magic Dart        ||    56
         Searing Ray       ||     4
 Armour: Skin              ||    32
  Dodge: Dodged            ||    21

Table legend: (Time is in decaauts)
 A = Elapsed time spent in this place.
 B = Non-inter-level travel time spent in this place.
 C = Inter-level travel time spent in this place.
 D = Time resting spent in this place.
 E = Time spent auto-exploring this place.
 F = Levels seen in this place.
 G = Mean time per level.
                   A        B        C        D        E       F      G
               +--------+--------+--------+--------+--------+-----+--------+
         Total |   1832 |   1801 |     31 |    364 |   1204 |   3 |  610.7 |
       Dungeon |   1832 |   1801 |     31 |    364 |   1204 |   3 |  610.7 |
               +--------+--------+--------+--------+--------+-----+--------+

Top non-repeatable levels by time:
     D:1: 973 daAuts
     D:2: 748 daAuts
     D:3: 110 daAuts
